Map: Acropolis LE

Players

Voltacus - Winner!

  • Race: Terran Terran
  • Spawn Location: 5:00

성채원

  • Race: Zerg Zerg
  • League: Platinum
  • Spawn Location: 11:00

VOD

Have the link to the VOD?

Description

Time

  • Played on: June 13, 2019, 2:35 p.m.
  • Length: 3:38
Show
View Real Time Build Order
Export as new Build Order

Voltacus Terran - Winner!

Build Orders:  

Get SALT Encoding   

  12  0:01  SCV  
  13  0:13  SCV  
  14  0:22  Supply Depot  
  14  0:45  Barracks  
  14  0:49  Barracks  
  14  1:05  Barracks  
  14  1:32  Marine  
  15  1:35  Barracks  
  15  1:36  Marine  
  16  1:41  Supply Depot  
  16  1:50  Marine  
  16  1:52  Marine  
  16  1:53  Marine  
  19  2:08  Marine  
  20  2:10  Marine  
  20  2:11  Marine  
  22  2:22  Marine  
  22  2:26  Marine  
  22  2:28  Marine  
  22  2:29  Marine  
  26  2:40  Marine  
  26  2:43  Marine  
  28  2:52  Marine x2  
  28  2:58  Marine  
  30  3:05  Marine  
  31  3:09  Marine x2  
  31  3:16  Marine  
Show
View Real Time Build Order
Export as new Build Order

성채원 Zerg 

Build Orders: Pool Only 

Get SALT Encoding   

  12  0:18  Spawning Pool  
  11  0:21  Drone  
  11  0:27  Drone  
  13  0:35  Overlord  
  13  0:40  Drone  
  14  0:47  Extractor, Drone  
  14  1:00  Drone  
  14  1:03  Extractor  
  14  1:06  Roach Warren  
  13  1:20  Overlord  
  13  1:45  Roach  
  13  1:46  Roach x2  
  19  2:05  Ravager x2  
  21  2:12  Overlord  
  22  2:16  Ravager  
  22  2:21  Roach  
  24  2:29  Roach  
Tags
 
League
Platinum
Matchup
TvZ
Opening
Pool Only
Spawn Locations
Cross Positions
Add a new tag
Caveats
  • Supply blocks, unpowered buildings, or Contaminate may cause inaccurate times.
  • Supply counts are checked every 10 seconds.